 Dungeon Crawl Stone Soup version 0.27.1-4-g1640c2035a (webtiles) character file.

Game seed: 9249268588483694269

893 belegose the Charlatan (level 8, -14/67 HPs)
             Began as a Ghoul Artificer on Nov 2, 2021.
             Demolished by an ogre (20 damage)
             ... on level 5 of the Dungeon.
             The game lasted 00:13:47 (6008 turns).

belegose the Charlatan (Ghoul Artificer)            Turns: 6008, Time: 00:13:47

Health: -14/67     AC:  7    Str: 16    XL:     8   Next: 6%
Magic:  7/7        EV: 11    Int:  8    God:
Gold:   156        SH:  0    Dex:  9    Spells: 7/7 levels left

rFire    . . .     SeeInvis .   b - +0 morningstar
rCold    + . .     Faith    .   (no shield)
rNeg     + + +     Spirit   .   y - +0 troll leather armour {Purgy}
rPois    ∞         Reflect  .   m - +0 helmet
rElec    .         Harm     .   (no cloak)
rCorr    .         Rampage  .   (no gloves)
Will     .....                  t - +0 pair of boots
Stlth    +.........             (no amulet)
HPRegen  0.00/turn              (no ring)
MPRegen  0.10/turn              (no ring)

@: inhibited regen
A: claws 1, cold resistance 1, negative energy resistance 3, inhibited
regeneration, torment resistance 2
a: no special abilities


You were on level 5 of the Dungeon.
You visited 1 branch of the dungeon, and saw 5 of its levels.

You collected 156 gold pieces.

Inventory:

Hand Weapons
 a - a +0 rapier
 b - a +0 morningstar (weapon)
Missiles
 f - 49 sling bullets
 j - 129 stones
 p - 23 poisoned darts (quivered)
Armour
 m - a +0 helmet (worn)
 t - a +0 pair of boots (worn)
 y - a +0 troll leather armour (worn) {Purgy}
 z - a +0 leather armour of fire resistance
Wands
 c - a wand of flame (3)
 d - a wand of charming (12)
 s - a wand of acid (4)
 u - a wand of iceblast (7)
Scrolls
 g - a scroll of blinking {unknown}
 h - 2 scrolls of fog {unknown}
 i - 4 scrolls of immolation {unknown}
 l - 3 scrolls of amnesia {unknown}
 n - 2 scrolls of identify {unknown}
 r - 2 scrolls of vulnerability {unknown}
 x - a scroll of holy word {unknown}
Potions
 k - 2 potions of flight {unknown}
 o - a potion of heal wounds {unknown}
 q - a potion of cancellation {unknown}
 v - a potion of brilliance {unknown}
 w - a potion of attraction {unknown}
 A - 2 potions of curing {unknown}
Miscellaneous
 e - a piece from Xom's chessboard (15/15)


   Skills:
 + Level 4.4 Fighting
 - Level 1.8 Short Blades
 + Level 2.1 Maces & Flails
 + Level 3.1 Throwing
 + Level 4.0 Armour
 - Level 0.8 Dodging
 - Level 1.1 Stealth
 + Level 4.7 Evocations


You had 7 spell levels left.
You didn't know any spells.
Your spell library contained the following spells:

 Spells                   Type           Power      Damage    Failure   Level
 Magic Dart               Conj           0%         1d3       45%         1
 Call Imp                 Summ           0%         N/A       61%         2
 Mephitic Cloud           Conj/Pois/Air  0%         N/A       83%         3
 Petrify                  Tmut/Erth      0%         N/A       99%         4
 Irradiate                Conj/Tmut      0%         3d13      100%        5
 Sublimation of Blood     Necr           Unusable   N/A       N/A         2

Dungeon Overview and Level Annotations

Branches:
Dungeon (5/15)
 Temple: D:4-7

Altars:

Shops:
D:2 =

Annotations:
D:4 3 runed translucent doors, exclusion: 3 doors, nroviw's ghost, amateur FeAE


Innate Abilities, Weirdness & Mutations

You thrive by killing the living.
You are immune to poison.
You have sharp fingernails.
Your flesh is cold resistant. (rC+)
You are immune to negative energy. (rN+++)
You do not regenerate when monsters are visible.
You are immune to unholy pain and torment.


Message History

You hit the wyvern.
The wyvern is lightly wounded.
The wyvern completely misses you. The wyvern barely misses you.
You hit the wyvern.
The wyvern is lightly wounded.
The wyvern bites you! The wyvern barely misses you.
You closely miss the wyvern.
The wyvern is lightly wounded.
The wyvern bites you!
The wyvern bites you but does no damage.
You sock the wyvern!
The wyvern is moderately wounded.
The wyvern bites you! The wyvern bites you.
* * * LOW HITPOINT WARNING * * *
Aiming: Corrosive Bolt
Press: ? - help, Shift-Dir - straight line, f - wyvern
Aim: a wyvern (moderately wounded, 74% to hit)
The bolt of acid misses the wyvern.
The wyvern bites you but does no damage.
The wyvern bites you!
* * * LOW HITPOINT WARNING * * *
Aiming: Charm
Press: ? - help, Shift-Dir - straight line, f/p - wyvern
Aim: a wyvern (moderately wounded, chance to affect: 60%)
The wyvern is charmed.
What are your orders? t - Shout!
Orders for allies: a - Attack new target. p - Attack previous target. r - Retreat! s - Stop attacking. g - Guard the area. f - Follow me.
Anything else - Cancel.
Retreat in which direction?
Press: ? - help, Dir - move target, p - wyvern Fall back!
An ogre comes into view. It is wielding a +0 giant club.
The ogre shouts!
Found a scale mail.
Found a scroll labelled UKLU HENLACUTO.
The ogre hits you with a +0 giant club!!
You die...

###.#.##.##....
#.#.## #. #.# .
.###.#.##
#.....
.........
...)..
##.###.##.#
##.#.##. ..
#.##.#
....###.####
#.....
#..........#
####.# #
#.#..##.....
#..
#.##..@O..?....
##.
#.......##....
#.
#.##...........
###.
##.#..#..[...
#... #
#.....#......
#.#. #.#..#.##
..... #.#.
#.#..#.##.#####
#.##
#.........#
#.##
###.#######
#####...


You could see an ogre.

Vanquished Creatures
  A water moccasin (D:4)
  Purgy (D:4)
  A black bear (D:4)
  An ice beast (D:3)
  Blork the orc (D:4)
  A scorpion (D:4)
  A howler monkey (D:4)
  A hound (D:4)
  A centaur skeleton (D:4)
  An orc priest (D:5)
  A bullfrog skeleton (D:4)
  Ijyb (D:4)
  2 iguanas (D:4)
  A hound zombie (D:5)
  4 adders
  An adder skeleton (D:4)
  2 worms (D:3)
  A dart slug (D:1)
  16 orcs
  8 endoplasms
  4 giant cockroaches
  6 goblins
  11 hobgoblins
  4 jackals (D:1)
  3 quokkas
  7 ball pythons
  A bat (D:1)
  3 frilled lizards
  7 kobolds
  7 rats
100 creatures vanquished.

Notes
Turn   | Place    | Note
-------+----------+-------------------------------------------
     0 | D:1      | belegose the Ghoul Artificer began the quest for the Orb.
     0 | D:1      | Reached XP level 1. HP: 16/16 MP: 0/0
   425 | D:1      | Reached XP level 2. HP: 22/23 MP: 1/1
   764 | D:1      | Reached XP level 3. HP: 27/29 MP: 2/2
  1447 | D:1      | Found a faded altar of an unknown god.
  1707 | D:2      | Found Ylall's Jewellery Boutique.
  2822 | D:3      | Reached XP level 4. HP: 36/36 MP: 3/3
  2985 | D:3      | Noticed an ice beast
  3335 | D:3      | Reached skill level 1 in Throwing
  3418 | D:3      | Killed an ice beast
  3419 | D:3      | Reached skill level 1 in Short Blades
  3419 | D:3      | Reached XP level 5. HP: 28/44 MP: 4/4
  3910 | D:4      | Noticed Purgy
  3949 | D:4      | Noticed Ijyb
  3967 | D:4      | Killed Ijyb
  4027 | D:4      | Reached XP level 6. HP: 43/51 MP: 5/5
  4580 | D:4      | Noticed a black bear
  4675 | D:4      | Killed a black bear
  4676 | D:4      | Reached XP level 7. HP: 18/57 MP: 6/6
  4997 | D:4      | Reached skill level 1 in Maces & Flails
  5059 | D:4      | Found a runed translucent gate.
  5059 | D:4      | Found a runed translucent gate.
  5060 | D:4      | Noticed nroviw's ghost (amateur FeAE)
  5062 | D:4      | Found a runed translucent gate.
  5226 | D:4      | Killed Purgy
  5539 | D:5      | Entered Level 5 of the Dungeon
  5639 | D:5      | Noticed Blork the orc
  5664 | D:4      | Killed Blork the orc
  5750 | D:4      | Reached XP level 8. HP: 67/67 MP: 7/7
  5994 | D:5      | Noticed a wyvern
  6008 | D:5      | Demolished by an ogre

Illustrated notes

Levels and vault maps discovered:
D:1:      ncdulo_halloftheorcs, layout_basic, basic_ecumenical_altar
D:2:      layout_basic, serial_shops, nicolae_diamond_shop, minmay_tromino_mix6
D:3:      layout_rooms
D:4:      layout_basic, ebering_ghost_rock_garden, uniq_ijyb, uniq_purgy
D:5:      layout_loops_cross, lemuel_temple_firewalk_b, uniq_blork_the_orc

Skill      XL: |  1  2  3  4  5  6  7 |
---------------+----------------------+-----
Armour         | 2 3 4 |  4.0
Evocations     | 3 4 |  4.7
Fighting       | 2 3 4 |  4.4
Throwing       | 1 2 3 |  3.1
Short Blades   | 1 |  1.8
Maces & Flails | 2 |  2.1
Dodging        | |  0.8
Stealth        | |  1.1

Action                   |  1- 3 |  4- 6 |  7- 9 || total
-------------------------+-------+-------+-------++-------
Melee: Club              |   188 |       |       ||   188
       Rapier            |    24 |    85 |       ||   109
       Morningstar       |       |    64 |   117 ||   181
Throw: Dart              |       |    23 |       ||    23
Evoke: Wand              |     4 |    10 |     7 ||    21
       Piece from Xom's  |       |     1 |       ||     1
 Stab: Confused          |       |     1 |       ||     1
Armor: Leather armour    |    51 |     2 |       ||    53
       Ring mail         |       |    67 |    19 ||    86
       Troll leather arm |       |       |    42 ||    42
Dodge: Dodged            |   129 |    99 |    95 ||   323
